AoeStats
← Sid

Arabia

508600054Analyzed
2v2 RM · 9d ago on Sep 23, 2026· 24m 6s· 4 players
Game mode
Random Map
Map size
Medium (4 player)
Population
200
Speed
Normal
Resources
Standard
Victory
Conquest
Starting age
Dark Age
Ending age
Imperial Age
RankedLock teamsTeams togetherTeam positionsShared explorationLock speedFull tech treeHidden civsTurbo modeCheats
Victory
Defeat
🇯🇵 Varangians · Japan
1236
+15
🇯🇵 Saxons · Japan
1229
+15
🇪🇨 Spanish · Ecuador
1211
-15
🇲🇽 Danes · Mexico
1201
-15
PepePepino
5:22 Loom
9:51 Feudal Age
21:20 Castle Age
20:41 Horse Collar
21:22 Double-Bit Axe
El_Warnersito
6:55 Loom
9:26 Feudal Age
16:53 Double-Bit Axe
18:11 Horse Collar
Sid
6:25 Loom
8:55 Feudal Age
10:06 Double-Bit Axe
15:21 Bloodlines
16:46 Wheelbarrow
18:30 Forging
19:55 Horse Collar
23:10 Castle Age
21:46 Gold Mining
22:06 Scale Barding Armor
23:13 Light Cavalry
24:11 Heavy Plow
fumin
6:35 Loom
9:36 Feudal Age
9:44 Man-at-Arms
10:14 Double-Bit Axe
17:59 Fletching
24:15 Padded Archer Armor
24:07 Gold Mining
24:08 Stone Mining
26:28 Castle Age
Connection lost

Rejoining the realm…

Still unreachable

The connection could not be restored.

Session expired

The server has moved on; the page needs a fresh start.